Cogmind - Beta 13 @@@ ROGUE MODE // 2024.04.27 @ 13:32:58 Player: Olafz Result: Destroyed by as-42785 with Assembled Maul Performance ------------- Evolutions (0) 0 Regions Visited (2) 400 Robots Destroyed (17) 85 Value Destroyed (380) 380 Prototype IDs (0) 0 Alien Tech Used (0) 0 Bonus (0) 0 TOTAL SCORE: 865 Bonus ------- None Cogmind --------- Core Integrity 0/250 Matter 19/300 Energy 120/125 System Corruption 2% Temperature Warm (178) Movement Walking (330) Ox3 Location -10/Mines Parts ------- > --- POWER (1) -------- Light Ion Engine > --- PROPULSION (2) --- Aluminum Leg > --- UTILITY (2) ------ Large Storage Unit > --- WEAPON (2) ------- Assault Rifle Slug Cannon > --- INVENTORY (15) --- Light Ion Engine Light Ion Engine Aluminum Leg Aluminum Leg Aluminum Leg Aluminum Leg Aluminum Leg Small Storage Unit Large Storage Unit Assault Rifle Assault Rifle Peak State ------------ > --- POWER ------------ Ion Engine > --- PROPULSION ------- Aluminum Leg Aluminum Leg > --- UTILITY ---------- Large Storage Unit > --- WEAPON ----------- Assault Rifle Slug Cannon > --- INVENTORY -------- Light Ion Engine Light Ion Engine Light Ion Engine Light Ion Engine Aluminum Leg Aluminum Leg Aluminum Leg Aluminum Leg Aluminum Leg Aluminum Leg Small Storage Unit Large Storage Unit Assault Rifle Assault Rifle Grenade Launcher [Rating: 10] Favorites ----------- Power Light Ion Engine Engine Light Ion Engine Propulsion Aluminum Leg Leg Aluminum Leg Utility Large Storage Unit Storage Large Storage Unit Protection Light Armor Plating Weapon Assault Rifle Energy Gun Medium Laser Energy Cannon Beam Cannon Ballistic Gun Assault Rifle Ballistic Cannon Slug Cannon Launcher Grenade Launcher Build | -11 -10 -10 ------- Run | Yrd Mat Min Slots Evolved . | . . . Power . | . . . Propulsion . | . . . Utility . | . . . Weapon . | . . . Parts Attached 15 | . 5 10 Power 4 | . . 4 Engine 4 | . . 4 Core . | . . . Reactor . | . . . Propulsion 3 | . . 3 Treads . | . . . Leg 3 | . . 3 Wheel . | . . . Hover . | . . . Flight . | . . . Utility 2 | . 2 . Device . | . . . Storage 1 | . 1 . Processor . | . . . Hackware . | . . . Protection 1 | . 1 . Artifact . | . . . Weapon 6 | . 3 3 Energy Gun . | . . . Energy Cannon 1 | . 1 . Ballistic Gun 3 | . 2 1 Ballistic Cannon 1 | . . 1 Launcher 1 | . . 1 Special Weapon . | . . . Impact Weapon . | . . . Slashing Weapon . | . . . Piercing Weapon . | . . . Special Melee Weapon . | . . . Unidentified Prototypes . | . . . Parts Lost 8 | . . 8 Power 3 | . . 3 Propulsion 2 | . . 2 Utility 1 | . . 1 Weapon 2 | . . 2 Highest Loss Streak 5 | . . 5 To Critical Strikes . | . . . Average Slot Usage (%) 91 | . 90 91 Engine 13 | . 14 12 Leg 28 | . 28 28 Storage 14 | . 14 14 Protection 7 | . 6 8 Energy Gun 4 | . 9 . Energy Cannon 2 | . 6 . Ballistic Gun 17 | . 11 22 Ballistic Cannon 1 | . . 3 Naked Turns . | . . . Heaviest Build 34 | 11 31 34 Greatest Support 20 | 20 20 20 Greatest Overweight (x) 1 | . 1 1 Average Overweight (x) . | . . 1 Largest Inventory Capacity 15 | . 15 15 Average Capacity 14 | . 12 15 Most Carried 15 | . 11 15 Average Carried 11 | . 8 13 Final Capacity 15 | 8 15 15 Final Carried 11 | 6 8 11 Class Distribution -------------------- 100% | Mutant Dominant Class ---------------- Mutant | -10/Materials Mutant | -10/Mines Resources | -11 -10 -10 ----------- Run | Yrd Mat Min Matter Collected 509 | 200 56 253 Remotely . | . . . Salvage Created 613 | . 242 371 Parts 35 | . 11 24 Haulers Intercepted 1 | . 1 . Recyclers Shooed 1 | . . 1 Parts Field Recycled . | . . . Retrieved Matter . | . . . Parts Self-Destructed . | . . . Prevented . | . . . Kills | -11 -10 -10 ------- Run | Yrd Mat Min Combat Hostiles Destroyed 21 | . 2 19 Guns 11 | . 1 10 Cannons 5 | . 1 4 AOE 5 | . . 5 Classes Destroyed 8 | . 6 2 Tunneler 1 | . . 1 Hauler 1 | . 1 . Recycler 1 | . 1 . Operator 1 | . 1 . Watcher 2 | . 2 . Swarmer 4 | . 1 3 Grunt 7 | . 1 6 Assembled 10 | . . 10 Best Kill Streak 7 | . 3 7 Combat Bots Only 7 | . 1 7 Max Kills in Single Turn 2 | . 1 2 Gunslinging . | . . . Exploded 2 | . . 2 Melee . | . . . Uniques/NPCs Destroyed . | . . . Combat | -11 -10 -10 -------- Run | Yrd Mat Min Hostile Shots Fired 112 | . 11 101 Missed 40 | . 5 35 Damage Taken 1167 | . 56 1111 Core 276 | . 10 266 Absorbed by Shields . | . . . Core Remaining (%) 100 | 100 . . Volleys Fired 81 | . 18 63 Largest 2 | . 2 2 Hottest 110 | . 110 78 Shots Fired 156 | . 36 120 Gun 109 | . 19 90 Cannon 41 | . 17 24 Launcher 6 | . . 6 Special . | . . . Kinetic 116 | . 2 114 Thermal 34 | . 34 . Explosive 6 | . . 6 Electromagnetic . | . . . Robot Hit Streak 12 | . 5 12 Robot Miss Streak 6 | . 3 6 Penetration Max . | . . . Secondary Targets . | . . . Shots Hit Robots 86 | . 20 66 Core Hits 48 | . 10 38 Critical Kills 3 | . . 3 Critical Parts Destroyed 1 | . . 1 Critical Strikes 5 | . 1 4 Burn 1 | . 1 . Destroy 4 | . . 4 Melee Attacks . | . . . Impact . | . . . Slashing . | . . . Piercing . | . . . Sneak Attacks . | . . . Combat Hostiles . | . . . Follow-up Attacks . | . . . Damage Inflicted 1632 | . 294 1338 Guns 853 | . 137 716 Cannons 369 | . 157 212 Explosions 410 | . . 410 Melee . | . . . Ramming . | . . . Kinetic 953 | . 25 928 Thermal 269 | . 269 . Explosive 410 | . . 410 Electromagnetic . | . . . Impact . | . . . Slashing . | . . . Piercing . | . . . Highest Corruption 2 | . . 2 Average Corruption 2 | . . 2 Corruption Purged . | . . . Corruption Blocked . | . . . Overload Shots . | . . . Overflow Damage 18 | . . 18 Projectiles 18 | . . 18 Explosions . | . . . Melee . | . . . Knockbacks 4 | . . 4 Impact . | . . . Kinetic 3 | . . 3 Secondary 1 | . . 1 Self-Inflicted Damage 34 | . . 34 Shots 2 | . . 2 Rammed . | . . . Targets Rammed . | . . . Kicked . | . . . Crushed . | . . . Highest Temperature 270 | . 270 178 Average Temperature 54 | . 81 27 Received Heat Transfer 460 | . 12 448 Siege Activations . | . . . Robots Corrupted . | . . . Combat Hostiles . | . . . Parts Fried . | . . . Impact Corruptions 1 | . . 1 Robots Melted . | . . . Combat Hostiles . | . . . Parts Melted 1 | . 1 . Heat Transferred 740 | . 740 . Parts Sabotaged . | . . . Parts Stolen . | . . . Parts Stripped . | . . . Power Chain Reactions . | . . . Alert | -11 -10 -10 ------- Run | Yrd Mat Min Peak Influence 250 | . 119 250 Initial . | . . . Average 101 | . 72 123 Maximum Alert Level 1 | . . 1 Low Security (%) 83 | . 100 70 Level 1 16 | . . 29 Level 2 . | . . . Level 3 . | . . . Level 4 . | . . . Level 5 . | . . . High Security . | . . . Max Security . | . . . Squads Dispatched 1 | . 1 . Investigation . | . . . Extermination . | . . . Reinforcement 1 | . 1 . Assault . | . . . Garrison . | . . . Intercept . | . . . Searches Triggered . | . . . Construction Impeded . | . . . Haulers Reinforced . | . . . Active Scanning Responses . | . . . Cargo Convoy Interrupts . | . . . Stealth | -11 -10 -10 --------- Run | Yrd Mat Min Distress Signals 1 | . 1 . Communications Jammed . | . . . Distress Signals . | . . . Times Spotted 29 | . 7 22 Peak Tracking Total 6 | . 2 6 Tactical Retreats 2 | . . 2 Traps | -11 -10 -10 ------- Run | Yrd Mat Min Traps Triggered . | . . . Indirectly . | . . . Trap Hack Attempts . | . . . Triggered . | . . . Disarmed . | . . . Reprogrammed . | . . . Reused . | . . . Traps Extracted . | . . . Installed . | . . . Triggered . | . . . Machines | -11 -10 -10 ---------- Run | Yrd Mat Min Machines Disabled . | . . . Max in Single Turn . | . . . Machines Repaired . | . . . Machines Dismantled . | . . . Machines Sabotaged . | . . . Overloaded Fab Kills . | . . . Hacking | -11 -10 -10 --------- Run | Yrd Mat Min Machines Accessed 2 | . 2 . Terminals 2 | . 2 . Fabricators . | . . . Repair Stations . | . . . Recycling Units . | . . . Scanalyzers . | . . . Garrison Access . | . . . Total Hacks 6 | . 6 . Successful 3 | . 3 . Failed 3 | . 3 . Catastrophic . | . . . Database Lockouts . | . . . Manual 6 | . 6 . Terminals 6 | . 6 . Fabricators . | . . . Repair Stations . | . . . Recycling Units . | . . . Scanalyzers . | . . . Garrison Access . | . . . Terminal Hacks 1 | . 1 . Branch Access Points 1 | . 1 . Fabricator Hacks . | . . . Repair Station Hacks . | . . . Recycling Unit Hacks . | . . . Scanalyzer . | . . . Garrison Access Hacks . | . . . Unauthorized Hacks 2 | . 2 . Terminals 2 | . 2 . Botnet 2 | . 2 . Fabricators . | . . . Repair Stations . | . . . Recycling Units . | . . . Scanalyzers . | . . . Garrison Access . | . . . Data Cores Recovered . | . . . Used . | . . . Hacking Detections 1 | . 1 . Full Trace Events . | . . . Feedback Events . | . . . Feedback Blocked . | . . . Robot Schematics Acquired . | . . . Robots Built . | . . . Authchips . | . . . Time . | . . . Total Robot Build Rating . | . . . Part Schematics Acquired . | . . . Parts Built . | . . . Authchips . | . . . Time . | . . . Total Part Build Rating . | . . . Parts Repaired . | . . . Time . | . . . Parts Recycled . | . . . Recycled Matter . | . . . Retrieved Matter . | . . . Retrieved Components . | . . . Parts Scanalyzed . | . . . Part Schematics Acquired . | . . . Parts Damaged . | . . . Bothacking | -11 -10 -10 ------------ Run | Yrd Mat Min Used RIF Installer . | . . . Robots Hacked . | . . . Non-combat . | . . . Combat . | . . . Robot Hacks Applied . | . . . Relay Couplers Released . | . . . Fabnet Peak Effective % . | . . . Robots Rewired . | . . . Allies Hacked . | . . . Hacks Repelled . | . . . Allies | -11 -10 -10 -------- Run | Yrd Mat Min Total Allies . | . . . Largest Group . | . . . Highest-Rated Group . | . . . Highest-Rated Ally . | . . . Total Orders . | . . . Ally Attacks . | . . . Total Damage . | . . . Kills . | . . . Allies Corrupted . | . . . Allies Melted . | . . . Intel | -11 -10 -10 ------- Run | Yrd Mat Min Robot Analysis Total . | . . . Derelict Logs Recovered . | . . . Drone Launches . | . . . Drone Recoveries . | . . . Exploration | -11 -10 -10 ------------- Run | Yrd Mat Min Turns Passed 1013 | . 429 584 Spaces Moved 417 | 1 216 200 Core . | . . . Treads . | . . . Legs 417 | 1 216 200 Wheels . | . . . Hover . | . . . Flight . | . . . Fastest Speed 120 | 120 120 190 Average Speed 176 | 120 163 190 Slowest Speed 190 | 120 190 190 Overloaded Moves . | . . . Propulsion Burnouts . | . . . Robots Hopped . | . . . Cave-ins Triggered . | . . . Exploration Rate (%) 35 | 2 51 54 Regions Visited 2 Branch Regions 1 Pre-discovered Areas . | . . . Known Exits Taken 1 | . 1 . Unknown Exits Taken 1 | 1 . . Scrap Searched . | . . . Spaces Dug . | . . . Terrain Destroyed 65 | . . 65 Melee . | . . . Projectile 20 | . . 20 AOE 45 | . . 45 Terrain Rammed . | . . . Walls Destroyed . | . . . Machines Disabled . | . . . Actions | -11 -10 -10 --------- Run | Yrd Mat Min Total 544 | . 259 285 Wait 11 | . 5 6 Move 415 | . 215 200 Hop . | . . . Pick Up 11 | . 6 5 Fast Attach 6 | . 4 2 Attach 5 | . 1 4 Detach 3 | . 3 . Swap 4 | . . 4 Drop 8 | . 7 1 Fire 81 | . 18 63 Melee . | . . . Ram . | . . . Kick . | . . . Crush . | . . . Escape Stasis . | . . . Rewire . | . . . Trap . | . . . Miscellaneous . | . . . Route ------- -11/Scrapyard -10/Materials (discovered 2 exits: *Min x2) -10/Mines History --------- Turn | Location | Event 1 | -11/Scrapyard | Discovered new exit (range 0) 1 | -11/Scrapyard | Entered Materials 37 | -10/Materials | Discovered new exit (range 5) 64 | -10/Materials | Discovered new exit (range 12) 305 | -10/Materials | Build established: Mutant 350 | -10/Materials | Identified exit to Mines 430 | -10/Materials | Entered Mines 875 | -10/Mines | A weapon hastily lodged in a ceiling crevice suddenly fell to the ground 916 | -10/Mines | Assembled infested the area 967 | -10/Mines | Core integrity fell below 50% 981 | -10/Mines | Destroyed 7 combat bots 1002 | -10/Mines | Core integrity fell below 20% 1014 | -10/Mines | Destroyed by as-42785 with Assembled Maul Last Messages --------------- Grenade Launcher destroyed. Slug penetrates Wall. The unstable cave ceiling collapses. Slug penetrates Wall. as-43060 knocked back. as-43060 destroyed. Knocked back. as-53851 suffers critical hit (Destroy). as-53851 destroyed. Lgt. Ion Engine destroyed. Aluminum Leg destroyed. The unstable cave ceiling collapses. Slug penetrates Wall. as-64595 suffers critical hit (Destroy). Destroyed Asb. Blade. Slug penetrates as-64595. as-64595 destroyed. Aluminum Leg destroyed. System corrupted by crushing effect (+2). as-95531 knocked back. Map ----- +----------------------------------------------------+ | ?????????????????????????????????????????? | | ?????????????????????????????????????????? | | ?????????????????????????????????????????? | | ?????????????????????????????????????????? | | ?????????????????????????????????????????? | | ?????????????????????????????????????????? | | ?????????????????????????????????????????? | | ?????????????????????????????????????????? | | ?????????????????????????????????????????? | | ????????????????????????? ???????????????? | | ????????????????????????? ??????????????? | | ????????????????????????? ?? ?????????? | | ??????????????????# ???? ?? ??????????? | | ??????????????????# ???? ? ??????????? | | ??????????????????? ???< ? ?????##????? | | ??????????????????## ??? ## ???? ##???? | | ??????????????????#; ;### # #??? #???? | | ???????????????????; ; # #?? ?????? | | ???????????????????# ; # #? ??????? | | ??????????????????## ## #???????? | | ?????????????????##; % ????????? | | ????????????????##;; % % % ??????????? | | ????????????????? #???????????? | | ????????????????????# % # #???????????? | | ?????????????????????# a %#????????????? | | ?????????????????????## @ ###???????????? | | ??????????????????????#% ##??????????? | | ??????????????????????## #??????????? | | ???????????????????????; #??????????? | | ??????????????????????#; ##??????????? | | ??????????????????????## a ##???????????? | | ???????????????????????;; ##????????????? | | ??????????????????# ##### ##?????????????? | | ??????????????????# #??????????????? | | ??????????????????####### #??????????????? | | ????????????????????????# #??????????????? | | ????????????????##??????# #??????????????? | | ???###??????????# ####??# #???#####??????? | | ??? ????????? ##?# #???# ???????? | | ???? #????????? #?# #???# ????????? | | ?????# #???????? #?#t#???# #????????? | | ?????# #####???# ### ##### #????????? | | ?????# ##?## #????????? | | ?????# ### ######### ##???????? | | ??????# ##????### ##??????? | | ??????# #???## ##?????? | | ??????# #???# ###???? | | ??????# #???# ##??? | | ??????# ##??## #??? | | ??????## ## #??## #??? | +----------------------------------------------------+ Best States ------------- Heat Dissipation 25 Energy Generation 10 Energy Capacity 250 Matter Stores 300 Matter Capacity 300 Sight Range 16 Terrain Scan Density 10 Armor Coverage 150 Evasion (%) 55 Item Schematics ----------------- None Robot Schematics ------------------ None Fabricated ------------ Nothing Alien Tech Used ----------------- None Achievements -------------- None Challenges ------------ None Game ------ Seed RefineryServoDisintegrator Manual? 0 Play Time 00:08:42 Cumulative 90.8 hours Start 2024.04.27 @ 13:27:23 End 2024.04.27 @ 13:32:58 Sessions 1 Manual Loads 0 Difficulty Rogue Special Mode None Game No. 180 Rogue 178 Adventurer 2 Explorer 0 Win Type - Total 3 Types 2/0/0/1/0/0/0/0/0 Lore% 52 Gallery% 53 Achievement% 41 Wizard Run 0 Options --------- Layout 0 ASCII 0 Keyboard 1 Movement Numpad Keybinds 1 Fullscreen 2 Font 18/SmallcapsGlow Map View 76x50 Zoom Use 0% Tactical HUD 1 Map Filters NONE Filters NONE Steam 1 RUN: 82b933a2-64c5-4cbe-b41e-4b9614a25aad